cohdb
Replays
Latest Replays
All Replays
Popular Replays
Top Player Replays
Match Explorer
How It Works
Community
CoH3 Stats
Reddit
Sign in to upload your games and track your stats! →
Sign in with Steam
Match 35539418
Unlisted
Match 35539418
Overview
Messages
Build Orders
End
Construct Infanterie Kompanie
Kettenkrad Recon Vehicle
MG 42 Machine Gun Team
Selects Breakthrough Battlegroup
Selects Assault Grenadiers
Grenadier Squad
Grenadier Squad
Medical Station
Grenadier Squad
Construct Luftwaffe Kompanie
Support Elements
Selects Breakthrough
Selects Rapid Production
Jäger Squad
Breakthrough
Wirbelwind Flakpanzer
MG 42 Machine Gun Team
Breakthrough
Wirbelwind Flakpanzer
GrW 34 Mortar Team
Selects Mechanized Assault Group
Construct Panzergrenadier Kompanie
Pak 40 Anti-tank Gun Team
Pioneer Squad
Selects Blitzkrieg
Construct Panzer Kompanie
Pioneer Squad
Breakthrough
Pak 40 Anti-tank Gun Team
Panzer IV Medium Tank
Jäger Squad
Grenadier Squad
MG 42 Machine Gun Team
Nebelwerfer 42 Rocket Launcher Team
Selects Tiger Heavy Tank
Tiger Heavy Tank
MG 42 Machine Gun Team
Mechanized Assault Group
Atomic Floyd
deadsadbadmad
King Kala
dad81ace
0
0
Comments
sign in to comment!
No comments posted yet!